 Dungeon Crawl Stone Soup version 0.30-a0-793-g160f7cfddd (webtiles) character file.

Game seed: 1847730315629697445

17663 mandarbmax the Fighter (level 12, -1/132 (133) HPs)
             Began as an Ogre Transmuter on Feb 19, 2023.
             Was a High Priest of Ru.
             Slain by a minotaur
             ... wielding a +1 battleaxe of flaming
              (6 damage)
             ... in a Gauntlet.
             The game lasted 00:42:29 (14028 turns).

mandarbmax the Fighter (Ogre Transmuter)           Turns: 14028, Time: 00:42:30

HP:   -1/132 (133)  AC:  8    Str: 22    XL:     12   Next: 50%
MP:   11/16         EV: 17    Int: 22    God:    Ru [*****.]
Gold: 759           SH:  0    Dex: 13    Spells: 2/17 levels left

rFire   + . .      SeeInvis .      - Unarmed
rCold   . . .      Faith    .    (shield currently unavailable)
rNeg    . . .      Spirit   .    n - +0 troll leather armour
rPois   +          Reflect  .    (helmet restricted)
rElec   .          Harm     .    b - +2 cloak
rCorr   +          Rampage  .    (gloves unavailable)
Will    +....      NoTele   +    (boots unavailable)
Stlth   +                        (no amulet)
HPRegen 1.22/turn                x - +5 ring of evasion
MPRegen 0.15/turn                D - ring of Kutzaqum {Drain rPois rCorr Str+6 Int+5}

@: blade hands, wereblooded, horrified, lightly drained
A: large, unfitting armour, tough skin 1, inability to use devices, cowardly, no
air magic, no conjurations magic, no hexes magic, unskilled 1, agile 1, fire
resistance 1
a: End Transformation, Renounce Religion, Draw Out Power, Power Leap, Apocalypse


You were in a Gauntlet.
You worshipped Ru.
Ru was extremely pleased with you.
You had blades for hands.
You visited 2 branches of the dungeon, and saw 13 of its levels.
You also visited: Gauntlet.

You collected 759 gold pieces.

Inventory:

Missiles
 l - 2 throwing nets
Armour
 b - a +2 cloak (worn)
 n - a +0 troll leather armour (worn)
 p - the +5 ice dragon scales of the Three Realms {rF- rC++ Dex+5}
   (You acquired it on level 11 of the Dungeon)

   Dex:       It affects your dexterity (+5).
   rF:        It makes you vulnerable to fire.
   rC:        It greatly protects you from cold.
 z - a +1 cloak of preservation
 C - +0 acid dragon scales
Jewellery
 m - a ring of fire
 w - a ring of fire
 x - a +5 ring of evasion (left blade hand)
 D - the ring of Kutzaqum (right blade hand) {Drain rPois rCorr Str+6 Int+5}
   (You found it in a Gauntlet)

   [ring of strength]

   Str:       It affects your strength (+6).
   Int:       It affects your intelligence (+5).
   rPois:     It protects you from poison.
   rCorr:     It protects you from acid and corrosion.
   Drain:     It drains your maximum health when unequipped.
Scrolls
 e - a scroll of blinking
 f - 3 scrolls of amnesia
 g - a scroll of magic mapping
 i - a scroll of vulnerability
 u - a scroll of fear
 y - a scroll of immolation
 B - a scroll of summoning {unknown}
 E - a scroll of fog {unknown}
Potions
 a - a potion of resistance
 c - 3 potions of degeneration {unknown}
 d - a potion of flight
 h - 3 potions of brilliance
 j - 3 potions of mutation
 k - 2 potions of attraction
 o - 4 potions of lignification
 q - a potion of ambrosia
 r - 2 potions of haste
 s - a potion of heal wounds
 t - a potion of cancellation
 v - 2 potions of berserk rage {unknown}
 A - 2 potions of curing


   Skills:
 + Level 12.8 Fighting
 + Level 8.1 Dodging
 + Level 9.5 Unarmed Combat
 - Level 3.0 Spellcasting
 + Level 7.1 Transmutations
 * Level 3.3 Ice Magic


You had 2 spell levels left.
You knew the following spells:

 Your Spells              Type           Power      Damage    Failure   Level
a - Beastly Appendage     Tmut           52%        N/A       13%         1
b - Wereblood             Tmut           26%        N/A       16%         2
c - Spider Form           Tmut/Pois      14%        N/A       45%         3
d - Ice Form              Ice/Tmut       20%        N/A       56%         4
e - Blade Hands           Tmut           13%        N/A       63%         5

Your spell library contained the following spells:

 Spells                   Type           Power      Damage    Failure   Level
 Passwall                 Tmut/Erth      11%        N/A       32%         2
 Ignite Poison            Fire/Tmut/Pois 10%        N/A       56%         3
 Petrify                  Tmut/Erth      14%        N/A       75%         4
 Vampiric Draining        Necr           2%         2d6       80%         3
 Statue Form              Tmut/Erth      9%         N/A       100%        6
 Ensorcelled Hibernation  Hex/Ice        Unusable   N/A       N/A         2
 Slow                     Hex            Unusable   N/A       N/A         1
 Confusing Touch          Hex            Unusable   N/A       N/A         3
 Kindle Blastsparks       Fire/Tloc/Air  Unusable   2d10      N/A         3
 Portal Projectile        Hex/Tloc       Unusable   N/A       N/A         3
 Swiftness                Air            Unusable   N/A       N/A         3
 Tukima's Dance           Hex            Unusable   N/A       N/A         3
 Freezing Cloud           Conj/Ice/Air   Unusable   6-21      N/A         5
 Metabolic Englaciation   Hex/Ice        Unusable   N/A       N/A         5

Dungeon Overview and Level Annotations

Branches:
Dungeon (11/15)            Temple (0/1) D:6            Lair (2/5) D:11
  Snake (0/4) Lair:2      Gauntlet (1/1)
  Swamp: Lair:2-3    Shoals: Lair:2-3       Orc: D:9-12

Altars:
Ashenzari
Cheibriados
Dithmenos
Gozag
Hepliaklqana
Kikubaaqudgha
Nemelex Xobeh
Okawaru
Ru
Sif Muna
Trog
Uskayaw
Vehumet
Yredelemnul
Zin
The Shining One

Shops:
D:8 =

Annotations:
D:5 2 transporters, asti's ghost, novice MiBe
D:9 2 transporters, Pimp's ghost, novice DsVM
D:11 3 runed translucent doors, NinjaNoafa's ghost, journeyman DrMo; browni3141's ghost, journeyman HOGl; olddryhag's ghost, journeyman DsGl Gauntlet 4 transporters


Innate Abilities, Weirdness & Mutations

You have blades for hands.
Your spellcasting is less reliable in this form.
You are incapable of wielding weapons or throwing items.
You are too large for most types of armour.
You have tough skin. (AC +1)
You cannot study or use magical devices.
Your cowardice makes you less effective in combat with threatening foes.
You cannot study or cast Air magic.
You cannot study or cast Conjurations magic.
You cannot study or cast Hexes magic.
You are somewhat unskilled. (-1 Apt)
You are agile. (Dex +4, Str/Int -1)
Your flesh is heat resistant. (rF+)


Message History

HP restored.
You start resting.
Magic restored.
Casting: Blade Hands (dangerous; 21% risk of failure)
Confirm with . or Enter, or press ? or * to list all spells.
Your blood is infused with primal strength.
Casting: Wereblood (safe; 1% risk of failure)
Confirm with . or Enter, or press ? or * to list all spells.
Your hands turn into razor-sharp scythe blades.
You enter the transporter and appear at another place.
As you open the door, it creaks loudly!
A minotaur comes into view.
It is wielding a +1 battleaxe of flaming, wearing a +2 plate armour of fire resistance and quivering silver javelins.
The minotaur bellows!
The minotaur throws a silver javelin.
The silver javelin pierces through you!!
The silver sears you!
You feel a twist of horror at the sight of this foe.
Found a chain mail.
Found a gate leading back out of this place.
The minotaur throws a silver javelin.
The silver javelin misses you.
There is an open door here.
The minotaur hits you with a +1 battleaxe of flaming!!!
The minotaur burns you.
You focus your inner power and blind the minotaur in retribution!
The minotaur gores you.
You slice the minotaur!!
The minotaur is moderately wounded.
The minotaur hits you with a +1 battleaxe of flaming!
The minotaur burns you.
* * * LOW HITPOINT WARNING * * *
The minotaur barely misses you.
You slash the minotaur! Your slash misses the minotaur.
The minotaur is heavily wounded.
The minotaur is stunned by your conviction and fails to attack.
You slice the minotaur!!
The minotaur is severely wounded.
The minotaur hits you with a +1 battleaxe of flaming!!!
* * * LOW HITPOINT WARNING * * *
The minotaur burns you.
You die...

.# .. ### #. #∩#
#.##.# .. ..#H# #.
#.#@# ###.##.#'###.##
#...............
#.##.##.##.##.##
#.##.##.##.##.
#...............
##.##.##.##.##.#
###.##.##.##.##.###
##≈...............≈##


You could see a minotaur (blind).

Vanquished Creatures
  Harold (D:9)
  2 death scarabs (Gauntlet)
  Urug (D:10)
  An orange crystal statue (Gauntlet)
  A cyclops (D:11)
  An oklob plant (Gauntlet)
  A manticore (D:11)
  An unseen horror (D:11)
  4 komodo dragons
  2 kobold demonologists
  A rime drake (Lair:1)
  A polar bear (Lair:1)
  4 trolls
  A hornet (D:8)
  Sigmund (D:2)
  3 shadows
  6 wyverns
  A wraith (D:5)
  2 basilisks
  15 yaks
  A spectral komodo dragon (Gauntlet)
  A spectral cane toad (Gauntlet)
  An acid dragon (Gauntlet)
  13 water moccasins
  An ice beast (D:5)
  2 orc warriors
  6 black bears
  4 small abominations (Gauntlet)
  3 wolves (D:11)
  5 centaurs
  6 ogres
  A phantom (D:5)
  4 kobold brigands
  6 bullfrogs
  A necrophage (D:5)
  6 scorpions
  5 wights (D:10)
  2 electric eels (D:10)
  4 howler monkeys
  2 hounds
  A jelly (D:8)
  A gnoll bouda (D:5)
  12 orc priests
  Crazy Yiuf (D:2)
  Ijyb (D:4)
  4 iguanas
  7 orc wizards
  8 adders
  3 shadow imps
  A white imp (D:5)
  An ufetubus (D:6)
  A worm (D:4)
  2 dart slugs
  31 orcs
  7 endoplasms
  4 giant cockroaches
  7 goblins
  8 hobgoblins
  6 jackals
  5 quokkas
  11 ball pythons
  5 bats
  A frilled lizard (D:1)
  16 kobolds
  13 rats
281 creatures vanquished.

Vanquished Creatures (others)
  An orc wizard (D:9)
  2 fungi (D:11)
  7 plants (D:11)
  4 withered plants (D:11)
14 creatures vanquished.

Grand Total: 295 creatures vanquished

Notes
Turn   | Place    | Note
-------+----------+-------------------------------------------
     0 | D:1      | mandarbmax the Ogre Transmuter began the quest for the Orb.
     0 | D:1      | Reached XP level 1. HP: 19/19 MP: 3/3
   164 | D:1      | Reached XP level 2. HP: 5/28 MP: 2/5
   349 | D:1      | Reached skill level 2 in Fighting
   453 | D:1      | Reached XP level 3. HP: 27/35 MP: 5/7
   456 | D:1      | Learned a level 2 spell: Wereblood
   462 | D:1      | Learned a level 3 spell: Spider Form
   627 | D:1      | Found a faded altar of an unknown god.
  1282 | D:2      | Noticed Sigmund
  1293 | D:2      | Killed Sigmund
  1294 | D:2      | Reached skill level 4 in Fighting
  1294 | D:2      | Reached XP level 4. HP: 49/49 MP: 3/8
  1294 | D:2      | Reached XP level 5. HP: 55/55 MP: 3/9
  1540 | D:2      | Found a runed translucent door.
  1541 | D:2      | Noticed Crazy Yiuf
  1782 | D:2      | Killed Crazy Yiuf
  1783 | D:2      | Reached skill level 5 in Fighting
  1783 | D:2      | Reached XP level 6. HP: 60/66 MP: 6/10
  2150 | D:3      | Found an opulent altar of Gozag.
  2259 | D:3      | Found a hide-covered altar of Uskayaw.
  2370 | D:3      | Found a sacrificial altar of Ru.
  2371 | D:3      | Found an ancient bone altar of Kikubaaqudgha.
  2378 | D:3      | Became a worshipper of Ru the Awakened
  3107 | D:4      | Reached skill level 6 in Fighting
  3107 | D:4      | Reached skill level 5 in Unarmed Combat
  3109 | D:4      | Reached XP level 7. HP: 56/75 MP: 2/11
  3403 | D:4      | Found a snail-covered altar of Cheibriados.
  3647 | D:4      | Noticed Ijyb
  3654 | D:4      | Killed Ijyb
  3770 | D:5      | Entered Level 5 of the Dungeon
  3842 | D:5      | Reached skill level 7 in Fighting
  3855 | D:5      | Gained mutation: You occasionally lose the ability to drink
                  | potions when taking damage. [potion of mutation]
  3855 | D:5      | Gained mutation: You are frail. (-10% HP) [potion of
                  | mutation]
  3855 | D:5      | Gained mutation: You are strong-willed. (Will+) [potion of
                  | mutation]
  3870 | D:5      | Noticed a wraith
  3875 | D:5      | HP: 3/70 [ice beast (9)]
  4149 | D:5      | Reached XP level 8. HP: 79/79 MP: 5/12
  4154 | D:5      | Gained mutation: You cannot study or cast Air magic. [Ru
                  | sacrifice]
  4154 | D:5      | Gained mutation: You cannot study or cast Hexes magic. [Ru
                  | sacrifice]
  4154 | D:5      | Gained mutation: You cannot study or cast Conjurations
                  | magic. [Ru sacrifice]
  4154 | D:5      | Reached * piety under Ru
  4262 | D:5      | Reached skill level 8 in Fighting
  4500 | D:5      | Killed a wraith
  4501 | D:5      | Reached skill level 9 in Fighting
  4683 | D:5      | Reached XP level 9. HP: 76/88 MP: 6/13
  5194 | D:5      | Noticed asti's ghost (novice MiBe)
  5303 | D:5      | Found a transporter.
  5315 | D:5      | Found a transporter.
  5530 | D:6      | Reached skill level 5 in Dodging
  5724 | D:6      | Found a staircase to the Ecumenical Temple.
  6290 | D:7      | Reached skill level 10 in Fighting
  6510 | D:7      | Found a basalt altar of Yredelemnul.
  6831 | D:7      | Gained mutation: You cannot study or use magical devices.
                  | [Ru sacrifice]
  6831 | D:7      | Reached ** piety under Ru
  6831 | D:7      | Reached *** piety under Ru
  7092 | D:7      | Found a sparkling altar of Nemelex Xobeh.
  7345 | D:7      | Found a hazy altar of Hepliaklqana.
  7351 | D:7      | Found a bloodstained altar of Trog.
  7354 | D:7      | Found a radiant altar of Vehumet.
  7533 | D:7      | Reached XP level 10. HP: 91/99 MP: 10/14
  7599 | D:8      | Found an iron altar of Okawaru.
  7600 | D:8      | Found a shadowy altar of Dithmenos.
  7627 | D:8      | Found a shimmering blue altar of Sif Muna.
  7781 | D:7      | Lost mutation: You are frail. (-10% HP) [potion of
                  | mutation]
  7781 | D:7      | Lost mutation: You are strong-willed. (Will+) [potion of
                  | mutation]
  7781 | D:7      | Lost mutation: You occasionally lose the ability to drink
                  | potions when taking damage. [potion of mutation]
  7781 | D:7      | Gained mutation: Your flesh is heat resistant. (rF+)
                  | [potion of mutation]
  7781 | D:7      | Gained mutation: You are agile. (Dex +4, Str/Int -1)
                  | [potion of mutation]
  7881 | D:8      | Found a glowing silver altar of Zin.
  8153 | D:8      | Reached skill level 11 in Fighting
  8297 | D:8      | Noticed a kobold demonologist
  8320 | D:8      | Killed a kobold demonologist
  8441 | D:8      | Found a glowing golden altar of the Shining One.
  8509 | D:8      | Found Sinuor Taxt's Jewellery Shoppe.
  8743 | D:8      | Reached skill level 5 in Transmutations
  9151 | D:9      | Noticed a kobold demonologist
  9303 | D:9      | Noticed a sun demon
  9306 | D:9      | Killed a kobold demonologist
  9364 | D:9      | Noticed Harold
  9378 | D:9      | Reached skill level 12 in Fighting
  9385 | D:9      | Killed Harold
  9386 | D:9      | Reached XP level 11. HP: 87/123 MP: 8/15
  9641 | D:9      | Found a transporter.
  9643 | D:9      | Found a transporter.
  9643 | D:9      | Noticed Pimp's ghost (novice DsVM)
  9643 | D:9      | Noticed a green ugly thing
  9644 | D:9      | Noticed a centaur warrior
  9897 | D:10     | Entered Level 10 of the Dungeon
 10630 | D:10     | Found a broken altar of Ashenzari.
 10689 | D:10     | Noticed Urug
 10703 | D:10     | Killed Urug
 10726 | D:10     | Gained mutation: You are somewhat unskilled. (-1 Apt) [Ru
                  | sacrifice]
 10726 | D:10     | Reduced skill Fighting to level 11
 10726 | D:10     | Reduced skill Transmutations to level 5
 10726 | D:10     | Reached **** piety under Ru
 10726 | D:10     | Reached ***** piety under Ru
 11369 | D:11     | Found a runed translucent gate.
 11370 | D:11     | Found a runed translucent gate.
 11371 | D:11     | Found a runed translucent gate.
 11372 | D:11     | Noticed NinjaNoafa's ghost (journeyman DrMo)
 11372 | D:11     | Noticed browni3141's ghost (journeyman HOGl)
 11372 | D:11     | Noticed olddryhag's ghost (journeyman DsGl)
 11669 | D:11     | Noticed a manticore
 11685 | D:11     | Killed a manticore
 11686 | D:11     | Reached skill level 12 in Fighting
 11841 | D:11     | Noticed a cyclops
 11855 | D:11     | Killed a cyclops
 11931 | D:11     | Found a staircase to the Lair.
 12268 | D:11     | Identified a scroll of acquirement
 12268 | D:11     | Acquired the +5 ice dragon scales of the Three Realms {rF-
                  | rC++ Dex+5}
 12529 | Lair:1   | Entered Level 1 of the Lair of Beasts
 12578 | Lair:1   | Reached XP level 12. HP: 133/133 MP: 12/16
 12583 | Lair:1   | Learned a level 4 spell: Ice Form
 12860 | Lair:1   | Reached skill level 1 in Ice Magic
 13116 | Lair:1   | Learned a level 5 spell: Blade Hands
 13338 | Lair:1   | Gained mutation: Your cowardice makes you less effective in
                  | combat with threatening foes. [Ru sacrifice]
 13529 | Lair:2   | Noticed a six-headed hydra
 13615 | Lair:2   | Found a gate leading to a gauntlet.
 13620 | Gauntlet | Entered a Gauntlet
 13620 | Gauntlet | Found a transporter.
 13632 | Gauntlet | Found a transporter.
 13632 | Gauntlet | Found a transporter.
 13633 | Gauntlet | Found a transporter.
 13644 | Gauntlet | Found a transporter.
 13645 | Gauntlet | Found a transporter.
 13654 | Gauntlet | Found a transporter.
 13657 | Gauntlet | Found a transporter.
 13658 | Gauntlet | Found a transporter.
 13670 | Gauntlet | Found a transporter.
 13671 | Gauntlet | Found a transporter.
 13672 | Gauntlet | Found a transporter.
 13678 | Gauntlet | Noticed a death scarab
 13678 | Gauntlet | Noticed a death scarab
 13687 | Gauntlet | Found a transporter.
 13728 | Gauntlet | Found a transporter.
 13865 | Gauntlet | Identified the ring of Kutzaqum {Drain rPois rCorr Str+6
                  | Int+5}
 13916 | Gauntlet | Noticed a catoblepas
 13960 | Gauntlet | Killed a death scarab
 13965 | Gauntlet | Killed a death scarab
 14023 | Gauntlet | Noticed a minotaur
 14028 | Gauntlet | HP: 5/132 [minotaur/+1 battleaxe of flaming (36)]
 14028 | Gauntlet | Slain by a minotaur

Illustrated notes

Levels and vault maps discovered:
D:1:      onia_arrival_handbag, layout_rooms,
          shapermc_ecumenical_altar_acropolis
D:2:      layout_loops_ring, uniq_crazy_yiuf_cottage, uniq_sigmund
D:3:      layout_rooms, nicolae_gozag_cash_rules_everything_around_me,
          lemuel_doored_altar, mainiacjoe_overflow_big_doors,
          minmay_door_square, minmay_liquid_box
D:4:      layout_rooms, kennysheep_mini, serial_bayou_pond_a, uniq_ijyb
D:5:      cheibrodos_fzero, layout_basic, gammafunk_ghost_smash
D:6:      layout_cave_pools, minmay_temple_entry_junction
D:7:      layout_basic, lemuel_crystal_altar, nemelex_dance_club_becter,
          minmay_overflow_temple_star_quad
D:8:      layout_cave_pools, grunt_temple_overflow_open, serial_shops,
          kennysheep_little_box, grunt_ministairs_1
D:9:      layout_rooms, gammafunk_ghost_arena, lemuel_flamethrower_1,
          uniq_harold
D:10:     layout_basic, lemuel_coloured_pillars_altar, water_boxes_lemuel,
          uniq_urug
D:11:     layout_long_grid, minmay_lair_entry_grove, gammafunk_ghost_cemetery
Lair:1:   gammafunk_indiana_jones, layout_regular_city
Lair:2:   layout_gridlike, guppyfry_snake_entry_island, gauntlet_entry_generic,
          grunt_forest_small_clearing_treed, grunt_megastairs_3
Gauntlet: gammafunk_gauntlet_77_escape_option
          [minmay_gauntlet_arena_77_double_cross,
          minmay_gauntlet_arena_77_radiant_squares,
          minmay_gauntlet_arena_77_hold_the_fort,
          minmay_gauntlet_arena_77_p_blocks, minmay_gauntlet_arena_77_two_lines,
          gauntlet_exit_green]

Skill      XL: |  1  2  3  4  5  6  7  8  9 10 11 12 |
---------------+-------------------------------------+-----
Dodging        | 2 4 5 7 8 |  8.1
Transmutations | 2 4 5 6 7 |  7.1
Fighting       | 2 4 5 6 7 9 10 12 12 | 12.8
Unarmed Combat | 3 4 5 6 7 8 9 9 |  9.5
Spellcasting   | 3 3 |  3.0
Ice Magic      | 3 |  3.3

Action                     |  1- 3 |  4- 6 |  7- 9 | 10-12 || total
---------------------------+-------+-------+-------+-------++-------
  Melee: Unarmed           |   102 |    81 |   281 |   487 ||   951
         Kick              |    20 |    14 |    18 |     1 ||    53
         Headbutt          |    12 |     6 |    15 |     2 ||    35
         Punch             |       |       |     4 |     8 ||    12
   Cast: Beastly Appendage |    33 |    14 |    19 |     3 ||    69
         Wereblood         |     4 |    10 |    12 |    30 ||    56
         Spider Form       |       |    10 |    32 |    58 ||   100
         Blade Hands       |       |       |       |     5 ||     5
         Ice Form          |       |       |       |     3 ||     3
 Invoke: Sacrifice Arcana  |       |       |     1 |       ||     1
         Sacrifice Artific |       |       |     1 |       ||     1
         Sacrifice Skill   |       |       |       |     1 ||     1
         Sacrifice Courage |       |       |       |     1 ||     1
Ability: End Transformatio |       |       |       |     1 ||     1
    Use: Scroll            |     1 |     7 |     8 |     6 ||    22
         Potion            |     3 |       |     4 |     4 ||    11
   Stab: Distracted        |       |       |     1 |     1 ||     2
         Invisible         |       |       |       |     1 ||     1
         Paralysed         |       |       |       |     1 ||     1
 Armour: Robe              |    21 |    18 |    23 |     2 ||    64
         Skin              |     1 |     1 |    20 |     9 ||    31
         Troll leather arm |       |       |       |    11 ||    11
  Dodge: Dodged            |    44 |    47 |   193 |   416 ||   700

Table legend: (Time is in decaauts)
 A = Elapsed time spent in this place.
 B = Non-inter-level travel time spent in this place.
 C = Inter-level travel time spent in this place.
 D = Time resting spent in this place.
 E = Time spent auto-exploring this place.
 F = Levels seen in this place.
 G = Mean time per level.
                   A        B        C        D        E       F      G
               +--------+--------+--------+--------+--------+-----+--------+
         Total |  13909 |  13443 |    466 |   1517 |   9411 |  14 |  993.5 |
       Dungeon |  12418 |  12015 |    403 |   1390 |   8509 |  11 | 1128.9 |
          Lair |   1080 |   1017 |     63 |     17 |    816 |   2 |  540.0 |
      Gauntlet |    411 |    411 |      0 |    110 |     86 |   1 |  411.0 |
               +--------+--------+--------+--------+--------+-----+--------+

Top non-repeatable levels by time:
     D:7: 1794 daAuts
    D:10: 1387 daAuts
     D:4: 1386 daAuts
     D:8: 1289 daAuts
    D:11: 1211 daAuts
     D:5: 1162 daAuts
  Lair:1: 1019 daAuts
     D:1: 942 daAuts
     D:2: 915 daAuts
     D:3: 885 daAuts
     D:6: 812 daAuts
     D:9: 630 daAuts
Gauntlet: 411 daAuts
  Lair:2: 60 daAuts
